 Dungeon Crawl Stone Soup version 0.28-b1-25-g9875b3fc8c (webtiles) character file.

Game seed: 5772552674306717752

34885 sanka the Spry (level 13, -10/83 HPs)
             Began as a Tengu Enchanter on Feb 5, 2022.
             Was a High Priest of Vehumet.
             Mangled by an eight-headed hydra (11 damage)
             ... on level 5 of the Lair of Beasts.
             The game lasted 00:49:18 (26957 turns).

sanka the Spry (Tengu Enchanter)                   Turns: 26957, Time: 00:49:19

Health: -10/83     AC: 10    Str: 19    XL:     13   Next: 80%
Magic:  17/26      EV: 32    Int: 21    God:    Vehumet [*****.]
Gold:   647        SH:  0    Dex: 25    Spells: 19/28 levels left

rFire   + . .      SeeInvis .   E - +7 long sword "Quodoom" {protect, Fragile rPois rC- Str+9}
rCold   x . .      Faith    .   (no shield)
rNeg    . . .      Spirit   .   a - +0 robe "Xogioboe" {Dex+6}
rPois   +          Reflect  .   L - +1 hat
rElec   .          Harm     .   S - scarf {shadows}
rCorr   +          Rampage  +   W - +2 pair of gloves "Caihouzy" {Rampage rCorr}
Will    +....                   (boots unavailable)
Stlth   +++.......              J - amulet "Lynis" {RegenMP rF+ Str+4}
HPRegen 0.23/turn               M - ring of Day {Will+ Str-2 Dex+4 Slay+3}
MPRegen 0.60/turn               g - +4 ring of protection

@: flying quickly and evasively, studying Evocations, quick
A: beak, talons 3, nimble flight
a: Renounce Religion


You were on level 5 of the Lair of Beasts.
You worshipped Vehumet.
Vehumet was extremely pleased with you.
You visited 3 branches of the dungeon, and saw 17 of its levels.

You collected 1260 gold pieces.
You spent 613 gold pieces at shops.

Inventory:

Hand Weapons
 o - a +1 dagger
 E - the +7 long sword "Quodoom" (weapon) {protect, Fragile rPois rC- Str+9}
   (You found it on level 2 of the Dungeon)

   It grants its wielder temporary protection when it strikes (+7 to AC).
   Str:       It affects your strength (+9).
   rC:        It makes you vulnerable to cold.
   rPois:     It protects you from poison.
   Fragile:   It will be destroyed if unequipped.
 H - a +4 dire flail of freezing
 Q - a +3 halberd of flaming
Missiles
 k - a throwing net
 R - 5 curare-tipped darts
Armour
 a - the +0 robe "Xogioboe" (worn) {Dex+6}
   (You bought it in a shop on level 6 of the Dungeon)

   Dex:       It affects your dexterity (+6).
 L - a +1 hat (worn)
 S - a scarf of shadows (worn)
 W - the +2 pair of gloves "Caihouzy" (worn) {Rampage rCorr}
   (You bought it in a shop on level 6 of the Dungeon)

   rCorr:     It protects you from acid and corrosion.
   Rampage:   It bestows one free step when moving towards enemies.
Magical Staves
 b - a staff of earth
Jewellery
 e - a ring of protection from fire
 g - a +4 ring of protection (right hand)
 i - a +6 ring of intelligence
 A - a ring of poison resistance
 G - the ring of Insomnia {Int-2 Dex+7 SInv}
   (You took it off an orc wizard on level 6 of the Dungeon)

   [ring of see invisible]

   Int:       It affects your intelligence (-2).
   Dex:       It affects your dexterity (+7).
   SInv:      It lets you see invisible.
 J - the amulet "Lynis" (around neck) {RegenMP rF+ Str+4}
   (You found it on level 11 of the Dungeon)

   [amulet of magic regeneration]

   It increases your rate of magic regeneration.
   Str:       It affects your strength (+4).
   rF:        It protects you from fire.
 M - the ring of Day (left hand) {Will+ Str-2 Dex+4 Slay+3}
   (You found it on level 3 of the Lair of Beasts)

   [ring of willpower]

   Str:       It affects your strength (-2).
   Dex:       It affects your dexterity (+4).
   Slay:      It affects your accuracy & damage with ranged weapons and melee
   (+3).
   Will:      It increases your willpower.
 X - a ring of protection from fire
Wands
 w - a wand of flame (36)
 C - a wand of polymorph (6)
 D - a wand of digging (11)
 I - a wand of paralysis (11)
 Y - a wand of iceblast (5)
Scrolls
 d - 7 scrolls of immolation
 f - a scroll of blinking
 h - a scroll of enchant weapon
 j - 3 scrolls of fog
 p - 2 scrolls of noise
 q - 3 scrolls of torment
 t - a scroll of acquirement
 u - 10 scrolls of teleportation
 x - a scroll of enchant armour {unknown}
 y - a scroll of amnesia {unknown}
 z - 3 scrolls of fear
 F - 2 scrolls of magic mapping
 P - 2 scrolls of vulnerability
 Z - a scroll of summoning {unknown}
Potions
 c - a potion of invisibility
 l - 3 potions of might {unknown}
 n - 2 potions of haste
 r - 6 potions of curing
 s - 3 potions of heal wounds
 v - 2 potions of cancellation {unknown}
 B - 2 potions of brilliance {unknown}
 K - 3 potions of attraction {unknown}
 N - a potion of magic {unknown}
 O - 2 potions of mutation {unknown}
 T - 2 potions of lignification {unknown}
 U - 2 potions of ambrosia {unknown}


   Skills:
 + Level 10.3 Fighting
 - Level 1.1 Short Blades
 - Level 4.0 Armour
 + Level 15.8 Dodging
 - Level 3.0 Stealth
 - Level 8.0 Spellcasting
 + Level 13.0 Conjurations
 - Level 2.1 Hexes
 - Level 3.0 Earth Magic
 - Level 8.0 Evocations


You had 19 spell levels left.
You knew the following spells:

 Your Spells              Type           Power      Damage    Failure   Level
a - Stone Arrow           Conj/Erth      84%        3d12      1%          3
b - Passwall              Tmut/Erth      11%        N/A       6%          2
c - Fulminant Prism       Conj/Hex       20%        3d13      1%          4

Your spell library contained the following spells:

 Spells                   Type           Power      Damage    Failure   Level
 Hailstorm                Conj/Ice       35%        3d9       1%          4
 Sandblast                Erth           42%        2d11      1%          1
 Dazzling Flash           Conj/Hex       80%        N/A       1%          3
 Slow                     Hex            68%        N/A       3%          1
 Fireball                 Conj/Fire      17%        3d9       4%          5
 Beastly Appendage        Tmut           16%        N/A       8%          1
 Summon Small Mammal      Summ           32%        N/A       8%          1
 Ensorcelled Hibernation  Hex/Ice        24%        N/A       8%          2
 Confusing Touch          Hex            17%        N/A       10%         3
 Tukima's Dance           Hex            17%        N/A       10%         3
 Wereblood                Tmut           8%         N/A       12%         2
 Summon Guardian Golem    Hex/Summ       12%        N/A       16%         3
 Olgreb's Toxic Radiance  Pois           8%         N/A       21%         4
 Starburst                Conj/Fire      17%        6d6       21%         6
 Call Canine Familiar     Summ           8%         N/A       24%         3
 Spider Form              Tmut/Pois      8%         N/A       24%         3
 Vampiric Draining        Necr           8%         2d6       24%         3
 Ozocubu's Refrigeration  Ice            4%         4d5       100%        7
 Ignition                 Fire           4%         3d4       100%        8


Dungeon Overview and Level Annotations

Branches:
Dungeon (11/15)            Temple (1/1) D:5            Lair (5/6) D:9
  Swamp (0/4) Lair:3       Spider (0/4) Lair:4          Orc (0/2) D:10
  Slime: Lair:5-6

Altars:
Ashenzari
Cheibriados
Dithmenos
Elyvilon
Fedhas
Gozag
Hepliaklqana
Kikubaaqudgha
Makhleb
Nemelex Xobeh
Okawaru
Qazlal
Ru
Sif Muna
Trog
Uskayaw
Vehumet
Wu Jian
Xom
Yredelemnul
Zin
The Shining One

Shops:
D:6 ![[?   D:10 **

Annotations:
D:8 3 runed translucent doors, Mihun's ghost, novice DEWz


Innate Abilities, Weirdness & Mutations

You have a beak for a mouth.
You have claws for feet.
Your magical nature lets you fly swiftly and evasively.


Message History

You feel agile.
M - the ring of Day (left hand) {Will+ Str-2 Dex+4 Slay+3} Your fulminant prism crackles loudly.
Unknown command.
Unknown command.
The stone arrow hits the eight-headed hydra!
The eight-headed hydra is lightly wounded.
The eight-headed hydra completely misses you.
The eight-headed hydra bites you but does no damage.
The eight-headed hydra closely misses you.
The eight-headed hydra bites you! The eight-headed hydra bites you.
The eight-headed hydra completely misses you. x2
The eight-headed hydra bites you! The basilisk bites you!
Your fulminant prism explodes!
The blast of energy engulfs the bullfrog!!
The bullfrog is almost dead.
The blast of energy engulfs the eight-headed hydra!
The eight-headed hydra is moderately wounded.
The blast of energy engulfs the basilisk!
The basilisk is heavily wounded.
Unknown command.
Unknown command.
Unknown command.
Casting: Stone Arrow (safe; 1% risk of failure)
Confirm with . or Enter, or press ? or * to list all spells.
Aiming: Fulminant Prism (mildly dangerous; 1% risk of failure)
Press: ? - help, Dir - move target, p - eight-headed hydra You conjure a prism of explosive energy!
A fulminant prism comes into view.
The eight-headed hydra barely misses you.
The eight-headed hydra bites you.
* * * LOW HITPOINT WARNING * * *
The eight-headed hydra bites you but does no damage.
The eight-headed hydra bites you!
* * * LOW HITPOINT WARNING * * *
The eight-headed hydra completely misses you.
The eight-headed hydra bites you!
* * * LOW HITPOINT WARNING * * *
The eight-headed hydra bites you!
You die...

#..!...........#
#..............####....
...............# ......
.$.............###.....
.......................
.....*.................
..$..(.................
.....Dl##..##..........
.F...#@#.#P####........
....######## #......(.
..## ###........ .
#.......... #.#.......#
##......#.# ##....####
###### # #.


You could see an eight-headed hydra (ally target), a basilisk and a friendly
fulminant prism.

Vanquished Creatures
  Gastronok (Lair:1)
  The ghost of Suckerboh the Scorcher, a journeyman DEFE of Vehumet (Lair:4)
  A catoblepas (Lair:2)
  4 hydras
  A two-headed ogre (D:11)
  4 centaur warriors (D:9)
  A death yak (Lair:4)
  Sonja (Lair:2)
  A skeletal warrior (D:9)
  A wizard (D:9)
  2 bog bodies (Lair:3)
  Pikel (D:7)
  A cyclops (D:11)
  4 elephants (Lair:3)
  2 black mambas
  9 cane toads
  An unseen horror (D:6)
  Maggie (D:8)
  Psyche (D:10)
  2 kobold demonologists (D:11)
  2 rime drakes
  6 komodo dragons
  A troll (D:11)
  3 polar bears
  Grinder (D:4)
  A hornet (D:9)
  4 dream sheep (Lair:4)
  2 shadows (D:11)
  6 wyverns
  19 yaks
  Grum (Lair:1)
  4 basilisks
  2 vampire mosquitoes (D:9)
  A swamp worm (Lair:3)
  Edmund (D:4)
  2 acid dragons
  12 water moccasins
  A swamp drake (D:10)
  5 orc warriors
  An ogre (D:4)
  2 sky beasts (D:7)
  A necrophage (D:5)
  12 wolves
  4 centaurs
  A phantom (D:4)
  4 lemures (D:7)
  Blork the orc (D:4)
  A bullfrog (shapeshifter) (D:10)
  10 bullfrogs
  A gnoll sergeant (D:10)
  2 scorpions
  2 water moccasin skeletons
  9 killer bees (D:10)
  6 wights
  4 howler monkeys
  An electric eel (Lair:3)
  6 centaur zombies
  4 hounds
  A bullfrog zombie (D:6)
  2 gnoll shamans
  Crazy Yiuf (D:4)
  7 orc priests
  A centaur skeleton (D:7)
  2 jellies (D:2)
  18 orc wizards
  A scorpion zombie (D:5)
  Natasha (thrice) (D:2)
  2 killer bee zombies
  A hound zombie (D:5)
  2 howler monkey zombies
  26 gnolls
  7 adders
  An ufetubus (D:5)
  2 worms (D:2)
  2 dart slugs
  36 orcs
  8 ball pythons
  14 endoplasms
  4 giant cockroaches
  12 goblins
  7 hobgoblins
  7 jackals (D:1)
  19 kobolds
  6 quokkas
  4 bats
  3 frilled lizards (D:2)
  8 rats
393 creatures vanquished.

Vanquished Creatures (others)
  An orc (D:10)
  9 fulminant prisms
  21 fungi
  21 plants
  10 toadstools (D:2)
62 creatures vanquished.

Grand Total: 455 creatures vanquished

Notes
Turn   | Place    | Note
-------+----------+-------------------------------------------
     0 | D:1      | sanka the Tengu Enchanter began the quest for the Orb.
     0 | D:1      | Reached XP level 1. HP: 10/10 MP: 4/4
   319 | D:1      | Reached skill level 1 in Fighting
   319 | D:1      | Reached XP level 2. HP: 16/16 MP: 6/6
   602 | D:1      | Reached skill level 3 in Dodging
   837 | D:1      | Reached XP level 3. HP: 10/21 MP: 7/7
  1053 | D:1      | Learned a level 3 spell: Stone Arrow
  1390 | D:1      | Reached skill level 1 in Conjurations
  2095 | D:2      | Noticed Natasha
  2332 | D:2      | Reached XP level 4. HP: 24/26 MP: 8/8
  2367 | D:2      | Reached skill level 1 in Earth Magic
  2560 | D:2      | Gained mutation: Your magical nature lets you fly swiftly
                  | and evasively. [Tengu growth]
  2560 | D:2      | Reached XP level 5. HP: 20/30 MP: 1/9
  3075 | D:2      | Identified the +7 long sword "Quodoom" {protect, Fragile
                  | rPois rC- Str+9}
  4667 | D:4      | Noticed a phantom
  4672 | D:4      | Killed a phantom
  4673 | D:4      | Reached skill level 5 in Conjurations
  4673 | D:4      | Reached XP level 6. HP: 35/35 MP: 3/10
  4918 | D:4      | Noticed Blork the orc
  5136 | D:4      | Killed Blork the orc
  5432 | D:4      | Reached XP level 7. HP: 39/39 MP: 7/11
  5826 | D:4      | Noticed Edmund
  6050 | D:4      | Found a runed translucent door.
  6051 | D:4      | Noticed Crazy Yiuf
  6483 | D:4      | Noticed Grinder
  6511 | D:4      | Killed Grinder
  7022 | D:5      | Entered Level 5 of the Dungeon
  7113 | D:5      | Reached XP level 8. HP: 44/44 MP: 3/13
  7685 | D:5      | Found a staircase to the Ecumenical Temple.
  7773 | Temple   | Entered the Ecumenical Temple
  8073 | Temple   | Became a worshipper of Vehumet
  9613 | D:6      | Found Yseggaorgh's Distillery.
  9693 | D:6      | Bought a potion of curing for 39 gold pieces
  9693 | D:6      | Bought a potion of haste for 130 gold pieces
  9693 | D:6      | Bought a potion of heal wounds for 65 gold pieces
  9723 | D:6      | Found a white marble altar of Elyvilon.
  9777 | D:6      | Killed an unseen horror
  9778 | D:6      | Reached skill level 5 in Spellcasting
  9778 | D:6      | Reached skill level 10 in Conjurations
  9988 | D:6      | Found an ancient bone altar of Kikubaaqudgha.
  9988 | D:6      | Found a broken altar of Ashenzari.
  9988 | D:6      | Found a glowing golden altar of the Shining One.
  9989 | D:6      | Found a hide-covered altar of Uskayaw.
  9989 | D:6      | Found a shimmering blue altar of Sif Muna.
  9991 | D:6      | Found a shimmering altar of Xom.
  9991 | D:6      | Found an ornate altar of the Wu Jian Council.
  9991 | D:6      | Found a basalt altar of Yredelemnul.
 10060 | D:6      | Found Figuilex's Antique Armour Boutique.
 10187 | D:6      | Identified the ring of Insomnia {Int-2 Dex+7 SInv}
 10195 | D:6      | Reached XP level 9. HP: 48/48 MP: 18/18
 10448 | D:6      | Reached skill level 4 in Dodging
 10491 | D:6      | Found Ykhleubb's Magic Scroll Emporium.
 10608 | D:6      | Found Teofuo's Armour Shoppe.
 10744 | D:7      | Learned a level 2 spell: Passwall
 10774 | D:6      | Reached * piety under Vehumet
 10774 | D:6      | Offered knowledge of Freeze by Vehumet.
 10775 | D:6      | Reached skill level 5 in Dodging
 11040 | D:7      | Found an opulent altar of Gozag.
 11040 | D:7      | Found a sparkling altar of Nemelex Xobeh.
 11055 | D:7      | Noticed Pikel
 11701 | D:7      | Killed Pikel
 11702 | D:7      | Reached skill level 6 in Dodging
 12734 | D:2      | Killed Natasha
 12735 | D:2      | Reached skill level 7 in Dodging
 13634 | D:2      | Noticed Natasha
 13637 | D:2      | Killed Natasha
 14287 | D:2      | Noticed Natasha
 14292 | D:2      | Killed Natasha
 14484 | D:4      | Killed Crazy Yiuf
 14560 | D:4      | Killed Edmund
 14726 | D:8      | Reached XP level 10. HP: 45/58 MP: 5/20
 14731 | D:8      | Reached skill level 5 in Fighting
 14735 | D:8      | Reached skill level 8 in Dodging
 14834 | D:8      | Found a shadowy altar of Dithmenos.
 14835 | D:8      | Found a hazy altar of Hepliaklqana.
 14987 | D:8      | Found a runed translucent gate.
 14987 | D:8      | Found a runed translucent gate.
 14987 | D:8      | Noticed Mihun's ghost (novice DEWz)
 14988 | D:8      | Found a runed translucent gate.
 14988 | D:8      | Noticed a two-headed ogre
 15045 | D:8      | Noticed Maggie
 15056 | D:8      | Killed Maggie
 15589 | D:6      | Bought a pair of masterwork gloves for 237 gold pieces
 15589 | D:6      | Identified the +2 pair of gloves "Caihouzy" {Rampage rCorr}
                  | (You bought it in a shop on level 6 of the Dungeon)
 15800 | D:9      | Reached skill level 9 in Dodging
 15946 | D:9      | Found a staircase to the Lair.
 16254 | D:9      | Reached skill level 10 in Dodging
 16544 | D:9      | Reached ** piety under Vehumet
 16544 | D:9      | Offered knowledge of Shock by Vehumet.
 16705 | D:9      | Noticed a centaur warrior
 16705 | D:9      | Noticed a centaur warrior
 16706 | D:9      | Noticed a skeletal warrior
 16709 | D:9      | Noticed a centaur warrior
 16715 | D:9      | Noticed a wizard
 16734 | D:9      | Reached skill level 11 in Dodging
 16735 | D:9      | Identified a scroll of acquirement
 16738 | D:9      | Killed a centaur warrior
 16894 | D:9      | Killed a centaur warrior
 16895 | D:9      | Reached skill level 12 in Dodging
 16895 | D:9      | Reached XP level 11. HP: 51/64 MP: 16/21
 17285 | D:9      | Killed a centaur warrior
 17298 | D:9      | Noticed a centaur warrior
 17314 | D:9      | Killed a centaur warrior
 17506 | D:9      | Killed a wizard
 17507 | D:9      | Reached skill level 13 in Dodging
 17896 | D:9      | Identified the +3 ring mail of the Spheres {Int+4}
 18053 | D:9      | Killed a skeletal warrior
 18505 | D:6      | Bought a faintly glowing robe for 142 gold pieces
 18505 | D:6      | Identified the +0 robe "Xogioboe" {Dex+6} (You bought it in
                  | a shop on level 6 of the Dungeon)
 18657 | D:10     | Entered Level 10 of the Dungeon
 18811 | D:10     | Noticed Psyche
 18875 | D:10     | Killed Psyche
 19239 | D:10     | Found Zulosurph's Specific Store.
 19239 | D:10     | Found Urypoq's General Store.
 19931 | D:10     | Offered knowledge of Searing Ray by Vehumet.
 20130 | D:10     | Found a staircase to the Orcish Mines.
 20136 | D:10     | Reached *** piety under Vehumet
 20682 | D:11     | Noticed a cyclops
 20686 | D:11     | Killed a cyclops
 20687 | D:11     | Reached skill level 1 in Armour
 21070 | D:11     | Reached skill level 14 in Dodging
 21070 | D:11     | Reached XP level 12. HP: 72/75 MP: 11/22
 21302 | D:11     | Offered knowledge of Conjure Flame by Vehumet.
 21429 | D:11     | Identified the amulet "Lynis" {RegenMP rF+ Str+4}
 21612 | D:11     | Noticed a two-headed ogre
 21618 | D:11     | Killed a two-headed ogre
 21783 | Lair:1   | Entered Level 1 of the Lair of Beasts
 21905 | Lair:1   | Noticed Gastronok
 21927 | Lair:1   | Killed Gastronok
 22420 | Lair:1   | Reached **** piety under Vehumet
 22421 | Lair:1   | Reached skill level 10 in Fighting
 22529 | Lair:1   | Noticed Grum
 22534 | Lair:1   | Killed Grum
 22540 | Lair:1   | Offered knowledge of Fulminant Prism by Vehumet.
 22541 | Lair:1   | Reached skill level 15 in Dodging
 23019 | Lair:2   | Noticed a five-headed hydra
 23024 | Lair:2   | Killed a five-headed hydra
 23370 | Lair:2   | Learned a level 4 spell: Fulminant Prism
 23385 | Lair:2   | Noticed a catoblepas
 23396 | Lair:2   | Killed a catoblepas
 23610 | Lair:2   | Noticed a five-headed hydra
 23617 | Lair:2   | Killed a five-headed hydra
 23618 | Lair:2   | Reached XP level 13. HP: 82/82 MP: 7/25
 24010 | Lair:2   | Noticed Sonja
 24019 | Lair:2   | Killed Sonja
 24535 | Lair:3   | Reached skill level 1 in Evocations
 24781 | Lair:3   | Identified the ring of Day {Will+ Str-2 Dex+4 Slay+3}
 24876 | Lair:3   | Reached skill level 5 in Evocations
 25567 | Lair:3   | Found a staircase to the Swamp.
 25781 | Lair:4   | Found a runed translucent door.
 25783 | Lair:4   | Noticed Suckerboh's ghost (journeyman DEFE)
 25834 | Lair:4   | Found a hole to the Spider Nest.
 25964 | Lair:4   | Reached ***** piety under Vehumet
 25964 | Lair:4   | Offered knowledge of Hailstorm by Vehumet.
 26591 | Lair:4   | Killed Suckerboh's ghost
 26957 | Lair:5   | HP: 1/83 [eight-headed hydra (10)]
 26957 | Lair:5   | Mangled by an eight-headed hydra

Illustrated notes

Levels and vault maps discovered:
D:1:      dpeg_arrival_water_temple_mockup, layout_basic,
          chequers_serial_rivers_micro_e, minmay_cupped
D:2:      cheibrodos_fertilizer, layout_basic, minmay_split_cup_small,
          uniq_natasha
D:3:      layout_basic
D:4:      layout_cave_pods, uniq_grinder, uniq_edmund, uniq_blork_the_orc,
          uniq_crazy_yiuf_cottage
D:5:      layout_loops_ring, temple_statues
D:6:      nicolae_BIG_FREAKIN_CUBE, layout_rooms, nicolae_overflows_in_rows,
          serial_shops, shop, shop, shop, shop_coins
D:7:      layout_layer_cave, grunt_temple_overflow_opulence,
          minmay_misc_feat_square, kennysheep_generic_room_9, uniq_pikel
D:8:      layout_rooms, riverfiend_overflow_shadow_ancestor, enter_bailey_3,
          gammafunk_ghost_split, uniq_maggie
D:9:      minmay_the_grid_triangle_9x9_rhombus_thin_mashed
          [minmay_the_grid_triangle_9x9_zippers_vertical,
          minmay_the_grid_triangle_9x9_prize_center,
          minmay_the_grid_triangle_9x9_stretched_checkered,
          minmay_the_grid_triangle_9x9_corrupted_corridor], layout_stronghold,
          erik_lair_dragon, roderic_lattice_a, kennysheep_generic_room_15
D:10:     layout_stronghold, erik_orc_1, nicolae_specific_store, uniq_psyche
D:11:     layout_gridville
Temple:   compressed_dpeg_triangle_lava_temple
Lair:1:   layout_long_grid, st_stairs_8, lemuel_fruit_tree, grunt_megastairs_1,
          uniq_gastronok, uniq_grum
Lair:2:   layout_small_grid, chequers_serial_rivers_micro_d, uniq_sonja
Lair:3:   layout_roguey, nicolae_swamp_entry_splash_gauntlet
Lair:4:   layout_loops_ring, spider_nest_entry_a, ebering_ghost_inner_flame,
          patterned_corridor
Lair:5:   layout_cave_pods

Skill      XL: |  1  2  3  4  5  6  7  8  9 10 11 12 13 |
---------------+----------------------------------------+-----
Fighting       | 1 4 6 8 10 | 10.3
Dodging        | 3 7 12 14 15 | 15.8
Conjurations   | 1 3 5 7 8 10 11 13 | 13.0
Earth Magic    | 1 2 3 |  3.0
Spellcasting   | 3 5 6 7 8 |  8.0
Armour         | 2 4 |  4.0
Evocations     | 8 |  8.0
Short Blades   | |  1.1
Stealth        | |  3.0
Hexes          | |  2.1

Action                   |  1- 3 |  4- 6 |  7- 9 | 10-12 | 13-15 || total
-------------------------+-------+-------+-------+-------+-------++-------
Melee: Dagger            |   143 |    22 |       |       |       ||   165
       Kick              |    37 |    30 |    15 |    48 |    22 ||   152
       Peck              |    26 |    17 |     9 |    24 |    11 ||    87
       Punch             |     2 |     2 |       |       |     1 ||     5
       War axe           |       |    52 |     5 |       |       ||    57
       Staff             |       |    26 |    14 |       |       ||    40
       Long sword        |       |       |    31 |   139 |    50 ||   220
 Cast: Stone Arrow       |     1 |    17 |   133 |   318 |   167 ||   636
       Fulminant Prism   |       |       |       |     2 |     8 ||    10
Evoke: Wand              |       |       |       |     4 |       ||     4
  Use: Scroll            |       |       |     6 |     4 |     4 ||    14
       Potion            |       |       |       |     3 |       ||     3
 Stab: Sleeping          |     4 |    10 |     1 |       |       ||    15
Armor: Robe              |     9 |    11 |     8 |    47 |    23 ||    98
       Skin              |       |       |       |     2 |       ||     2
Dodge: Dodged            |    97 |    59 |    38 |   420 |   200 ||   814
Block: Other             |    15 |    30 |    15 |    82 |       ||   142
       Reflection        |       |     2 |       |     6 |       ||     8
